 Dungeon Crawl Stone Soup version 0.26.1-11-gd32895ea62 (webtiles) character file.

Game seed: 1569700717432511053

117 Zeld the Slasher (level 5, 0/38 HPs)
             Began as a Human Gladiator on June 4, 2021.
             Succumbed to an adder's poison
             ... on level 2 of the Dungeon.
             The game lasted 00:01:51 (2327 turns).

Zeld the Slasher (Human Gladiator)                  Turns: 2327, Time: 00:01:52

Health: 0/38       AC:  4    Str: 16    XL:     5   Next: 22%
Magic:  5/5        EV: 13    Int:  8    God:
Gold:   56         SH:  0    Dex: 14    Spells: 4/4 levels left

rFire    . . .     SeeInvis .   a - +0 long sword
rCold    . . .     Faith    .   (no shield)
rNeg     . . .     Spirit   .   b - +0 leather armour
rPois    .         Reflect  .   c - +0 helmet
rElec    .         Harm     .   (no cloak)
rCorr    .         Rampage  .   (no gloves)
Will     .....                  (no boots)
Stlth    +.........             (no amulet)
HPRegen  0.12/turn              (no ring)
MPRegen  0.09/turn              (no ring)

@: lethally poisoned (0 -> -5)
A: no striking features
a: no special abilities


You were on level 2 of the Dungeon.
You visited 1 branch of the dungeon, and saw 2 of its levels.

You collected 56 gold pieces.

Inventory:

Hand Weapons
 a - a +0 long sword (weapon)
Missiles
 d - 3 throwing nets (quivered)
 j - 6 boomerangs
Armour
 b - a +0 leather armour (worn)
 c - a +0 helmet (worn)
Scrolls
 e - a scroll of immolation {unknown}
 g - 2 scrolls of remove curse {unknown}
 i - 3 scrolls of identify {unknown}
 k - a scroll of random uselessness {unknown}
Potions
 f - a potion of might {unknown}
 h - a potion of flight {unknown}
 l - a potion of degeneration {unknown}
 m - a potion of curing {unknown}
 n - a potion of heal wounds {unknown}


   Skills:
 - Level 2.0 Fighting
 * Level 5.5 Long Blades
 - Level 2.0 Throwing
 - Level 3.0 Dodging


You had 4 spell levels left.
You didn't know any spells.
Your spell library was empty.

Dungeon Overview and Level Annotations

Branches:
Dungeon (2/15)

Altars:
Nemelex Xobeh
Trog


Message History

The adder is almost dead.
* * * LOW HITPOINT WARNING * * *
You feel sick. The adder closely misses you.
Unknown command.
You closely miss the adder.
The adder is almost dead.
* * * LOW HITPOINT WARNING * * *
You feel sick. The adder bites you but does no damage.
The adder barely misses you.
You barely miss the adder.
The adder is almost dead.
* * * LOW HITPOINT WARNING * * *
You feel sick. The adder misses you.
You slash the adder!
You kill the adder!
* * * LOW HITPOINT WARNING * * *
You feel sick.
* * * LOW HITPOINT WARNING * * *
You feel sick.
You die...

### #.. #.# ### ###.#
###.. $.# ..#.##
...###.# ..... ##...#.#
#...# #.#
#...##.#....#.### #...#
#.# #.#......@......#
#...# #.#
#.#.#.#....#.##.###...#
#.# #.#
#...##.##.......# #.#
#.### ###....#######..#
#.# #.#.# ..#### #....#
#.# #.#.#####.# #.#..#
#.####.#..#.##.# #.#.##
###..##..#..#.##..
#.#.# #.........###.#
#.#.#


There were no monsters in sight!

Vanquished Creatures
  6 adders (D:2)
  A worm (D:2)
  3 dart slugs
  A leopard gecko (D:2)
  4 bats
  3 giant cockroaches
  10 goblins
  5 hobgoblins
  2 jackals (D:2)
  7 kobolds
  A ball python (D:1)
  A frilled lizard (D:1)
  11 rats
55 creatures vanquished.

Notes
Turn   | Place    | Note
-------+----------+-------------------------------------------
     0 | D:1      | Zeld the Human Gladiator began the quest for the Orb.
     0 | D:1      | Reached XP level 1. HP: 16/16 MP: 1/1
   186 | D:1      | Reached XP level 2. HP: 21/22 MP: 2/2
   473 | D:1      | Reached skill level 4 in Long Blades
   473 | D:1      | Reached XP level 3. HP: 27/27 MP: 3/3
  1085 | D:2      | Reached XP level 4. HP: 31/33 MP: 4/4
  1123 | D:2      | Reached skill level 5 in Long Blades
  2206 | D:2      | Found a sparkling altar of Nemelex Xobeh.
  2219 | D:2      | Reached XP level 5. HP: 38/38 MP: 5/5
  2294 | D:2      | Found a bloodstained altar of Trog.
  2326 | D:2      | HP: 1/38 [poisoned by an adder]
  2327 | D:2      | Succumbed to an adder's poison

Illustrated notes

Levels and vault maps discovered:
D:1:      dpeg_arrival_line_fractal, layout_loops_ring
D:2:      minmay_evil_eye, layout_basic, lemuel_doored_altar,
          nicolae_overflow_crystal_walls, amcnicky_mini_rare_corridor_liquid,
          minmay_between

Skill      XL: |  1  2  3  4 |
---------------+-------------+-----
Long Blades    | 4 5 |  5.5
Fighting       | |  2.0
Throwing       | |  2.0
Dodging        | |  3.0

Action                   |  1- 3 |  4- 6 || total
-------------------------+-------+-------++-------
Melee: Long sword        |   100 |    99 ||   199
 Stab: Sleeping          |       |     1 ||     1
Armor: Leather armour    |    39 |    29 ||    68
Dodge: Dodged            |    83 |    67 ||   150
       Rpst.: Long sword |    20 |    26 ||    46
